 Dungeon Crawl Stone Soup version 0.28-a0-796-gd4f0d3f9b2 (webtiles) character file.

Game seed: 11913753101739039297

17567 Conn the Thaumaturge (level 12, -1/74 HPs)
             Began as an Octopode Fire Elementalist on Nov 6, 2021.
             Was a Priest of Sif Muna.
             Slain by a skeletal warrior (17 damage)
             ... on level 12 of the Dungeon.
             The game lasted 00:48:20 (18237 turns).

Conn the Thaumaturge (Octopode Fire Elementalist)  Turns: 18237, Time: 00:48:20

Health: -1/74      AC:  2    Str: 16    XL:     12   Next: 49%
Magic:  5/24       EV: 18    Int: 25    God:    Sif Muna [***...]
Gold:   424        SH:  5    Dex: 13    Spells: 9/28 levels left

rFire   + + .      SeeInvis .   L - +10 spear "Jellyslayer" {chaos, Str+3}
rCold   x x .      Faith    .   (no shield)
rNeg    . . .      Spirit   .   M - +1 hat {Int+3}
rPois   .          Reflect  +   f - amulet of reflection
rElec   .          Harm     .   A - ring of fire
rCorr   .          Rampage  .   k - +4 ring of evasion
Will    .....                   F - +6 ring of strength
Stlth   +++++.....              J - ring of fire
HPRegen 0.22/turn               j - +4 ring of slaying
MPRegen 0.19/turn               (no ring)
                                (no ring)
                                (no ring)

@: very slightly contaminated
A: almost no armour, amphibious, 8 rings, camouflage 1, gelatinous body 1,
(nimble swimmer 1), tentacles
a: Renounce Religion, Channel Magic, Forget Spell


You were on level 12 of the Dungeon.
You worshipped Sif Muna.
Sif Muna was most pleased with you.
You visited 2 branches of the dungeon, and saw 15 of its levels.

You collected 632 gold pieces.
You spent 208 gold pieces at shops.

Inventory:

Hand Weapons
 a - a +4 quarterstaff of chaos
 d - a +0 dagger
 w - a +7 flail of protection
 L - the +10 spear "Jellyslayer" (weapon) {chaos, Str+3}
   (You bought it in a shop on level 11 of the Dungeon)

   Each time it hits an enemy it has a different, random effect.
   Str:       It affects your strength (+3).
Missiles
 y - 16 poisoned darts
 z - 2 atropa-tipped darts
Armour
 D - a +0 buckler
 M - a +1 hat of intelligence (worn)
Jewellery
 f - an amulet of reflection (around mantle)
 j - a +4 ring of slaying (on tentacle)
 k - a +4 ring of evasion (right tentacle)
 q - the amulet "Aseucuoce" {Acrobat rElec Dex+3}
   (You took it off a goblin on level 4 of the Dungeon)

   [amulet of the acrobat]

   It increases your evasion while moving and waiting.
   Dex:       It affects your dexterity (+3).
   rElec:     It insulates you from electricity.
 t - an amulet of magic regeneration
 A - a ring of fire (left tentacle)
 F - a +6 ring of strength (on tentacle)
 J - a ring of fire (on tentacle)
Wands
 g - a wand of flame (14)
 h - a wand of charming (2)
 o - a wand of acid (10)
 G - a wand of polymorph (12)
 I - a wand of iceblast (17)
Scrolls
 i - 2 scrolls of amnesia {unknown}
 m - a scroll of fog
 n - a scroll of brand weapon {unknown}
 r - 6 scrolls of teleportation
 u - a scroll of identify
 v - 3 scrolls of enchant weapon
 B - a scroll of fear {unknown}
 C - a scroll of vulnerability {unknown}
 E - 2 scrolls of immolation
 K - a scroll of silence {unknown}
Potions
 b - a potion of resistance
 c - a potion of attraction
 e - 3 potions of cancellation
 l - 2 potions of brilliance
 p - a potion of haste
 s - a potion of invisibility {unknown}
 H - a potion of berserk rage {unknown}


   Skills:
 + Level 3.9 Fighting
 + Level 2.0 Short Blades
 * Level 5.5(6.2) Axes
 + Level 3.7(5.5) Maces & Flails
 + Level 1.4(4.2) Polearms
 + Level 2.5(3.7) Staves
 + Level 4.6 Dodging
 + Level 7.9 Stealth
 + Level 1.2 Shields
 + Level 0.2 Unarmed Combat
 + Level 8.5 Spellcasting
 + Level 7.0 Conjurations
 + Level 3.2 Hexes
 + Level 3.4 Summonings
 + Level 8.1 Fire Magic
 + Level 3.6 Air Magic
 - Level 5.0 Poison Magic
 * Level 6.1 Invocations
 + Level 1.5 Evocations


You had 9 spell levels left.
You knew the following spells:

 Your Spells              Type           Power      Damage    Failure   Level
a - Foxfire               Conj/Fire      100%       2x1d9     1%          1
b - Conjure Flame         Conj/Fire      83%        6-21      1%          3
c - Inner Flame           Hex/Fire       73%        N/A       1%          3
d - Flame Wave            Conj/Fire      83%        3d14      2%          4
e - Scorch                Fire           100%       2d10      1%          2
f - Mephitic Cloud        Conj/Pois/Air  36%        N/A       1%          3
g - Summon Guardian Gole  Hex/Summ       27%        N/A       4%          3

Your spell library contained the following spells:

 Spells                   Type           Power      Damage    Failure   Level
 Magic Dart               Conj           100%       1d8       1%          1
 Summon Small Mammal      Summ           100%       N/A       1%          1
 Call Imp                 Summ           27%        N/A       1%          2
 Call Canine Familiar     Summ           27%        N/A       4%          3
 Beastly Appendage        Tmut           20%        N/A       6%          1
 Spider Form              Tmut/Pois      23%        N/A       6%          3
 Wereblood                Tmut           10%        N/A       9%          2
 Summon Lightning Spire   Summ/Air       28%        N/A       13%         4
 Orb of Destruction       Conj           22%        9d9       95%         7
 Spellforged Servitor     Conj/Summ      18%        N/A       99%         7
 Storm Form               Tmut/Air       9%         N/A       100%        7
 Maxwell's Capacitive Co  Air            14%        ∞         100%        8


Dungeon Overview and Level Annotations

Branches:
Dungeon (14/15)            Temple (1/1) D:5            Lair (0/6) D:11
 Vaults (0/5) D:13
    Orc: D:9-12

Altars:
Fedhas
Hepliaklqana
Kikubaaqudgha
Makhleb
Okawaru
Qazlal
Ru
Sif Muna
Uskayaw
Vehumet
Yredelemnul
Zin
The Shining One

Shops:
D:5 :   D:6 *   D:11 (   D:13 [

Annotations:
D:11 2 transporters, paps's ghost, journeyman OpDe


Innate Abilities, Weirdness & Mutations

You cannot wear most types of armour.
You are amphibious.
You can wear up to eight rings at the same time.
Your skin changes colour to match your surroundings (Stealth+).
Your rubbery body absorbs attacks. (AC +1, EV +1)
((You are camouflaged near water. (Stealth+)))
You have tentacles for arms and can constrict up to eight enemies at once.


Message History

Flame seeps out of the skeletal warrior.
The skeletal warrior hits you with a +0 scimitar!!
Casting: Flame Wave (dangerous; 2% risk of failure)
Confirm with . or Enter, or press ? or * to list all spells.
Casting: Flame Wave (dangerous; 2% risk of failure)
Press: ? - help, Dir - look around, f - activate You feel a strong surge of power!
A wave of flame ripples out!
The flame wave engulfs the skeletal warrior.
Flame seeps out of the skeletal warrior.
The skeletal warrior is heavily damaged. (Press . to intensify the flame waves.)
The skeletal warrior is engulfed in blazing flames.
Unknown command.
A wave of flame ripples out!
The flame wave engulfs the skeletal warrior!!
The skeletal warrior is severely damaged.
The flame wave engulfs the skeletal warrior but does no damage.
The skeletal warrior is heavily damaged.
The flame wave engulfs the slime creature!!
The slime creature is heavily wounded.
The skeletal warrior is engulfed in blazing flames.
The skeletal warrior hits you with a +0 war axe!
The skeletal warrior hits you with a +0 scimitar!!
* * * LOW HITPOINT WARNING * * *
Casting: Flame Wave (dangerous; 2% risk of failure)
Confirm with . or Enter, or press ? or * to list all spells.
Okay, then.
Okay, then.
Okay, then.
Unknown command.
Unknown command.
Aiming: Charm
Press: ? - help, Shift-Dir - straight line, f - skeletal warrior
Aim: a skeletal warrior, wielding a +0 scimitar, wearing a +0 robe and wearing a ring of protection from cold (heavily damaged, inner flame, chance to affect: 2%)
Okay, then.
Unknown command.
Unknown command.
The skeletal warrior is engulfed in blazing flames.
The skeletal warrior hits you with a +0 scimitar!
You die...

##'###### #.##
####.......# ###'###
#..'.......# .J.....
..##.......# ....>..
.###.......# ....... ##
#.......# #........ #
#.<.....# ###.z....... #
#.......######z§J.........
#..<....'....@z#.......
#.......########.......
####'#### ....... #.#
######' ####.# #.J..#
##.#### #########+### #..#
#.....<.....#
###J##########
#...........#


You could see 3 skeletal warriors and a slime creature.

Vanquished Creatures
  Gastronok (D:11)
  2 hydras (D:12)
  A catoblepas (D:13)
  4 two-headed ogres
  A centaur warrior (D:13)
  Urug (D:12)
  A manticore (D:12)
  5 slime creatures
  A cyclops (D:7)
  3 centaur zombies
  5 trolls
  Grinder (D:4)
  A shadow (D:9)
  A vampire (D:10)
  5 yaks (D:10)
  3 steam dragons
  Grum (D:8)
  4 vampire mosquitoes (D:10)
  2 acid dragons
  4 wargs (D:12)
  Edmund (D:4)
  A sky beast (D:7)
  5 orc warriors
  2 necrophages (D:8)
  A black bear (D:11)
  2 centaurs
  3 wolves (D:8)
  3 ogres
  2 kobold brigands
  3 bullfrogs
  A gnoll sergeant (D:7)
  4 scorpions
  5 wights (D:7)
  2 howler monkeys
  A jelly (D:5)
  6 orc priests
  A hound (D:5)
  Crazy Yiuf (D:4)
  A centaur skeleton (D:5)
  Ijyb (D:3)
  An iguana (D:2)
  15 orc wizards
  Robin (D:4)
  3 gnolls (D:7)
  7 adders
  A white imp (D:5)
  2 ufetubi
  An adder skeleton (D:4)
  An adder zombie (D:4)
  4 worms
  A dart slug (D:5)
  30 orcs
  5 endoplasms
  13 goblins
  12 hobgoblins
  12 jackals
  11 kobolds
  4 quokkas
  8 ball pythons
  6 bats
  7 frilled lizards
  4 rats
242 creatures vanquished.

Vanquished Creatures (collateral kills)
  Snorg (D:14)
  2 goblins (D:5)
  2 foxfires (D:6)
5 creatures vanquished.

Vanquished Creatures (others)
  721 foxfires
  4 fungi (D:11)
  14 plants
739 creatures vanquished.

Grand Total: 986 creatures vanquished

Notes
Turn   | Place    | Note
-------+----------+-------------------------------------------
     0 | D:1      | Conn the Octopode Fire Elementalist began the quest for the
                  | Orb.
     0 | D:1      | Reached XP level 1. HP: 11/11 MP: 3/3
   408 | D:1      | Reached XP level 2. HP: 17/17 MP: 1/5
   814 | D:1      | Found a faded altar of an unknown god.
   948 | D:1      | Reached XP level 3. HP: 21/21 MP: 1/6
  1415 | D:2      | Reached XP level 4. HP: 27/27 MP: 4/7
  1774 | D:2      | Reached skill level 1 in Short Blades
  2361 | D:3      | Noticed Ijyb
  2578 | D:2      | Learned a level 3 spell: Conjure Flame
  2582 | D:2      | Learned a level 3 spell: Inner Flame
  2820 | D:3      | Reached XP level 5. HP: 31/31 MP: 5/8
  3271 | D:3      | Killed Ijyb
  4554 | D:4      | Found a runed translucent door.
  4555 | D:4      | Noticed Crazy Yiuf
  4573 | D:5      | Entered Level 5 of the Dungeon
  4587 | D:4      | Noticed Robin
  4618 | D:4      | Killed Crazy Yiuf
  4906 | D:4      | Reached XP level 6. HP: 37/37 MP: 6/10
  4957 | D:4      | Identified the amulet "Aseucuoce" {Acrobat rElec Dex+3}
  5067 | D:4      | Reached skill level 1 in Shields
  5291 | D:4      | Killed Robin
  5437 | D:4      | Noticed Grinder
  5454 | D:4      | Paralysed by Grinder for 2 turns
  5458 | D:4      | HP: 1/37 [ogre (26)]
  5468 | D:4      | Reached XP level 7. HP: 14/42 MP: 4/12
  5537 | D:4      | Killed Grinder
  5538 | D:4      | Reached skill level 1 in Staves
  5538 | D:4      | Reached skill level 1 in Hexes
  5958 | D:4      | Found a basalt altar of Yredelemnul.
  6075 | D:4      | You fall into a shaft and drop 1 floor!
  6117 | D:5      | Reached skill level 1 in Fighting
  6158 | D:5      | Found Zeemiqola's Book Shoppe.
  6173 | D:5      | Learned a level 4 spell: Flame Wave
  6176 | D:5      | Learned a level 2 spell: Scorch
  6563 | D:5      | Found a staircase to the Ecumenical Temple.
  6572 | Temple   | Entered the Ecumenical Temple
  6595 | Temple   | Became a worshipper of Sif Muna the Loreminder
  6836 | D:5      | Found a blossoming altar of Fedhas.
  7123 | D:5      | Reached skill level 5 in Stealth
  7123 | D:5      | Reached XP level 8. HP: 45/49 MP: 14/14
  7409 | D:4      | Noticed Edmund
  7434 | D:4      | Killed Edmund
  7435 | D:4      | Reached skill level 5 in Fire Magic
  8604 | D:6      | Found Zin's Purification Station.
  8610 | D:6      | Found a glowing silver altar of Zin.
  9000 | D:7      | Noticed a cyclops
  9012 | D:7      | Killed a cyclops
  9013 | D:7      | Reached skill level 5 in Spellcasting
  9013 | D:7      | Reached XP level 9. HP: 54/54 MP: 7/16
  9263 | D:7      | Reached * piety under Sif Muna
  9459 | D:7      | Reached skill level 5 in Conjurations
  9973 | D:7      | Reached skill level 1 in Maces & Flails
 10312 | D:8      | Noticed Grum
 10441 | D:8      | Killed Grum
 11176 | D:8      | Reached XP level 10. HP: 63/63 MP: 19/19
 11294 | D:8      | Learned a level 3 spell: Mephitic Cloud
 11298 | D:8      | Learned a level 3 spell: Summon Guardian Golem
 11692 | D:9      | Found a hazy altar of Hepliaklqana.
 11701 | D:9      | Noticed a two-headed ogre
 11718 | D:9      | Killed a two-headed ogre
 11718 | D:9      | Reached ** piety under Sif Muna
 11719 | D:9      | Reached skill level 1 in Axes
 11719 | D:9      | Reached skill level 1 in Summonings
 11719 | D:9      | Reached skill level 1 in Air Magic
 11719 | D:9      | Reached skill level 1 in Poison Magic
 11719 | D:9      | Reached skill level 1 in Invocations
 11852 | D:9      | Noticed a +0 falchion
 11852 | D:9      | Noticed a +0 dagger
 11852 | D:9      | Noticed a +0 short sword
 11852 | D:9      | Noticed a +0 spear
 11852 | D:9      | Noticed a +0 dagger
 11852 | D:9      | Noticed a +0 short sword
 11853 | D:9      | Noticed a +0 falchion
 11853 | D:9      | Noticed a +0 spear
 11895 | D:9      | Found a radiant altar of Vehumet.
 12799 | D:9      | Found a hide-covered altar of Uskayaw.
 12814 | D:9      | Noticed a two-headed ogre
 13091 | D:9      | Killed a two-headed ogre
 13166 | D:10     | Entered Level 10 of the Dungeon
 13281 | D:10     | Reached XP level 11. HP: 65/67 MP: 15/21
 14223 | D:11     | Noticed paps's ghost (journeyman OpDe)
 14227 | D:11     | Noticed a boulder beetle
 14236 | D:11     | Found a transporter.
 14243 | D:11     | Noticed a two-headed ogre
 14246 | D:11     | Found a transporter.
 14296 | D:11     | Reached *** piety under Sif Muna
 14395 | D:11     | Found an iron altar of Okawaru.
 14547 | D:11     | Found Quskumai's Antique Weapon Shoppe.
 14554 | D:11     | Bought a transparent spear for 208 gold pieces
 14554 | D:11     | Identified the +10 spear "Jellyslayer" {chaos, Str+3} (You
                  | bought it in a shop on level 11 of the Dungeon)
 14590 | D:11     | Noticed a two-headed ogre
 14603 | D:11     | Killed a two-headed ogre
 14868 | D:11     | Noticed Gastronok
 14905 | D:11     | Killed Gastronok
 14906 | D:11     | Reached skill level 5 in Poison Magic
 15297 | D:11     | Found a staircase to the Lair.
 15614 | D:12     | Noticed a skeletal warrior
 15614 | D:12     | Noticed a skeletal warrior
 15629 | D:12     | Noticed a skeletal warrior
 15639 | D:12     | Noticed a manticore
 15648 | D:12     | HP: 2/68 [manticore (2)]
 15649 | D:12     | Killed a manticore
 15649 | D:12     | Noticed Urug
 15649 | D:12     | Noticed a two-headed ogre
 15650 | D:12     | Reached skill level 1 in Polearms
 15978 | D:12     | Noticed a seven-headed hydra
 15987 | D:12     | Killed a seven-headed hydra
 15988 | D:12     | Reached skill level 5 in Invocations
 16121 | D:12     | Noticed an eight-headed hydra
 16129 | D:12     | Killed an eight-headed hydra
 16168 | D:12     | Noticed a two-headed ogre
 16174 | D:12     | Killed a two-headed ogre
 16175 | D:12     | Reached XP level 12. HP: 66/74 MP: 16/23
 16237 | D:12     | Reached skill level 5 in Axes
 16622 | D:13     | Found Obrobla's Antique Armour Shoppe.
 16623 | D:13     | Noticed a centaur warrior
 16987 | D:14     | Found a radiant altar of Vehumet.
 16987 | D:14     | Noticed Snorg
 16994 | D:14     | Killed Snorg
 16995 | D:14     | Reached skill level 1 in Evocations
 17043 | D:13     | Killed a centaur warrior
 17180 | D:13     | Noticed a catoblepas
 17517 | D:13     | Killed a catoblepas
 17654 | D:13     | Found a gate to the Vaults.
 17654 | D:13     | Noticed a vault guard
 17654 | D:13     | Noticed a vault guard
 17654 | D:13     | Noticed a rakshasa
 17654 | D:13     | Noticed a vault guard
 17654 | D:13     | Noticed a vault guard
 17689 | D:12     | Killed Urug
 18237 | D:12     | Slain by a skeletal warrior

Illustrated notes

Levels and vault maps discovered:
D:1:      eino_arrival_druids_welcome, layout_rooms,
          hellmonk_ecumenical_altar_arch_garden, grunt_decor_clamped,
          kennysheep_small_spiral, chequers_decorated_corner
D:2:      layout_basic
D:3:      layout_basic, hangedman_decor_diamond_cutter, uniq_ijyb
D:4:      layout_basic, overflow_temple_1_default, grunt_decor_resistance,
          uniq_robin, uniq_crazy_yiuf_cottage, uniq_edmund, uniq_grinder
D:5:      layout_loops_corners, fedhas_altar_1, minmay_temple_entry_nine_rooms,
          serial_shops, nicolae_diamond_shop
D:6:      layout_loops_corners, zin_purify, hangedman_decor_points,
          lexackson_kobold_supper
D:7:      layout_basic
D:8:      layout_loops_ring, minmay_misc_feat_nine_boxes,
          chequers_serial_rivers_small_b, uniq_grum
D:9:      layout_loops_ring, mainiacjoe_overflow_24_doors,
          amcnicky_altar_gilded, nicolae_uskayaw_en_pointe
D:10:     layout_layer_cave, amcnicky_mini_corridor_feature
D:11:     layout_roguey, grunt_lair_entry_orc_guard_hut, serial_shops,
          nicolae_diamond_shop, nzn_ghost_randoct, okawaru_ov_weapons_minmay,
          uniq_gastronok
D:12:     layout_roguey, minmay_orc_entry_guard_dogs, serial_shops, shop,
          uniq_urug
D:13:     minmay_the_grid_square_5x5_5x5 [minmay_the_grid_square_5x5_bracketed,
          minmay_the_grid_square_5x5_almost_minimal,
          minmay_the_grid_square_5x5_one_wall, minmay_the_grid_square_5x5_three,
          minmay_the_grid_square_5x5_comb,
          minmay_the_grid_square_5x5_eight_small,
          minmay_the_grid_square_5x5_prize_snowflake,
          minmay_the_grid_square_5x5_corner,
          minmay_the_grid_square_5x5_prize_pseudospiral,
          minmay_the_grid_square_5x5_n_small,
          minmay_the_grid_square_5x5_minibox, minmay_the_grid_square_5x5_six,
          minmay_the_grid_square_5x5_prize_open,
          minmay_the_grid_square_5x5_seven, minmay_the_grid_square_5x5_shuriken,
          minmay_the_grid_square_5x5_tri_point,
          minmay_the_grid_square_5x5_prize_itemx,
          minmay_the_grid_square_5x5_bite,
          minmay_the_grid_square_5x5_prize_open,
          minmay_the_grid_square_5x5_forky,
          minmay_the_grid_square_5x5_half_checkered,
          minmay_the_grid_square_5x5_two_walls_b, minmay_the_grid_square_5x5_z,
          minmay_the_grid_square_5x5_inner_v,
          minmay_the_grid_square_5x5_intrusive_squares], layout_loops_cross,
          lightli_vaults_fourway_checkpoint, serial_shops,
          nicolae_stop_n_shop_1, gauntlet_entry_generic
D:14:     layout_cave_pools, nicolae_vehumet_altar_sigil,
          minmay_misc_feat_encased, eino_small_chamber_without_monster,
          dk_noncrumbling_3, minmay_misc_feat_columns, grunt_ogre_cave,
          uniq_snorg
Temple:   regret_index_temple_sphere_string

Skill      XL: |  1  2  3  4  5  6  7  8  9 10 11 12 |
---------------+-------------------------------------+-----
Stealth        | 3 4 5 6 7 |  7.9
Short Blades   | 1 2 |  2.0
Spellcasting   | 3 4 5 6 7 8 |  8.5
Shields        | 1 |  1.2
Conjurations   | 2 4 5 6 7 |  7.0
Fire Magic     | 4 5 6 7 8 |  8.1
Dodging        | 3 4 |  4.6
Staves         | 1 2 |  2.5
Hexes          | 1 2 3 |  3.2
Fighting       | 1 2 3 |  3.9
Maces & Flails | 2 3 |  3.7
Axes           | 2 4 5 |  5.5
Summonings     | 2 3 |  3.4
Air Magic      | 2 3 |  3.6
Poison Magic   | 3 5 |  5.0
Invocations    | 3 5 6 |  6.1
Polearms       | 1 |  1.4
Evocations     | 1 |  1.5
Unarmed Combat | |  0.2

Action                   |  1- 3 |  4- 6 |  7- 9 | 10-12 || total
-------------------------+-------+-------+-------+-------++-------
Melee: Unarmed           |     4 |    15 |       |       ||    19
       Constrict         |     6 |    11 |    19 |     4 ||    40
       Dagger            |    13 |    56 |       |       ||    69
       Tentacles         |     1 |     7 |    13 |    17 ||    38
       Quarterstaff      |       |    11 |    27 |       ||    38
       Flail             |       |       |    51 |    32 ||    83
       Spear             |       |       |       |    32 ||    32
 Cast: Foxfire           |    58 |    79 |   167 |   127 ||   431
       Inner Flame       |       |     7 |     5 |    18 ||    30
       Conjure Flame     |       |     3 |     5 |     5 ||    13
       Flame Wave        |       |       |     4 |    25 ||    29
       Scorch            |       |       |       |    12 ||    12
       Mephitic Cloud    |       |       |       |    16 ||    16
       Summon Guardian G |       |       |       |    11 ||    11
Invok: Channel Magic     |       |       |       |     1 ||     1
Evoke: Wand              |       |     3 |     3 |    11 ||    17
  Use: Potion            |       |     3 |     1 |     7 ||    11
       Scroll            |       |     3 |       |    14 ||    17
 Stab: Sleeping          |     5 |     5 |     9 |     4 ||    23
Armor: Skin              |       |     6 |    11 |    14 ||    31
Dodge: Dodged            |     9 |    72 |   102 |    98 ||   281
Block: Other             |     2 |    33 |       |     2 ||    37
       Reflection        |       |     1 |       |       ||     1

Table legend: (Time is in decaauts)
 A = Elapsed time spent in this place.
 B = Non-inter-level travel time spent in this place.
 C = Inter-level travel time spent in this place.
 D = Time resting spent in this place.
 E = Time spent auto-exploring this place.
 F = Levels seen in this place.
 G = Mean time per level.
                   A        B        C        D        E       F      G
               +--------+--------+--------+--------+--------+-----+--------+
         Total |  18241 |  17926 |    315 |   2759 |  11710 |  15 | 1216.1 |
       Dungeon |  18202 |  17903 |    299 |   2759 |  11696 |  14 | 1300.1 |
        Temple |     39 |     23 |     16 |      0 |     14 |   1 |   39.0 |
               +--------+--------+--------+--------+--------+-----+--------+

Top non-repeatable levels by time:
     D:4: 2138 daAuts
    D:11: 1701 daAuts
     D:9: 1644 daAuts
     D:2: 1636 daAuts
     D:3: 1437 daAuts
     D:7: 1373 daAuts
     D:5: 1355 daAuts
    D:12: 1259 daAuts
     D:6: 1223 daAuts
     D:8: 1173 daAuts
     D:1: 1166 daAuts
    D:10: 1047 daAuts
    D:13: 646 daAuts
    D:14: 398 daAuts
  Temple: 39 daAuts
